 Dungeon Crawl Stone Soup version 0.29.1-1-gd02db6906a (webtiles) character file.

Game seed: 4889996271173846495

1534 Icepheonix32 the Trooper (level 8, -3/73 HPs)
             Began as a Minotaur Fighter on Sept 22, 2022.
             Was an Initiate of Yredelemnul.
             Slain by an orc warrior
             ... wielding a +0 war axe
              (10 damage)
             ... in a bailey.
             The game lasted 00:13:31 (5261 turns).

Icepheonix32 the Trooper (Minotaur Fighter)         Turns: 5261, Time: 00:13:32

Health: -3/73      AC: 10    Str: 20    XL:     8   Next: 55%
Magic:  10/10      EV: 11    Int:  5    God:    Yredelemnul [......]
Gold:   280        SH:  5    Dex: 13    Spells: 7/7 levels left

rFire   + . .      SeeInvis .   K - +3 hand axe
rCold   + . .      Faith    .   c - +0 buckler
rNeg    . . .      Spirit   .   D - +2 ring mail of the Bull {-Cast Fly rF+}
rPois   .          Reflect  .   (helmet restricted)
rElec   .          Harm     .   (no cloak)
rCorr   .          Rampage  .   q - +0 pair of gloves
Will    .....      NoCast   +   v - +0 pair of boots
Stlth   +.........              (no amulet)
HPRegen 0.22/turn               t - ring of protection from cold
MPRegen 0.12/turn               (no ring)

@: flying
A: horns 2, retaliatory headbutt
a: Renounce Religion, Recall Undead Harvest


You were in a bailey.
You worshipped Yredelemnul.
Yredelemnul was noncommittal.
You visited 2 branches of the dungeon, and saw 8 of its levels.
You also visited: Bailey.

You collected 280 gold pieces.

Inventory:

Hand Weapons
 a - a +0 war axe
 j - a +3 sling of flaming
 G - a +1 hand axe of freezing
 K - a +3 hand axe (weapon)
Missiles
 C - 5 silver javelins
Armour
 b - a +0 scale mail
 c - a +0 buckler (worn)
 m - a +0 chain mail
 q - a +0 pair of gloves (worn)
 v - a +0 pair of boots (worn)
 D - the +2 ring mail of the Bull (worn) {-Cast Fly rF+}
   (You found it on level 4 of the Dungeon)

   rF:        It protects you from fire.
   Fly:       It grants you flight.
   -Cast:     It prevents spellcasting.
Jewellery
 e - a ring of ice
 t - a ring of protection from cold (left hand)
 E - a ring of protection from cold
Wands
 z - a wand of roots (9)
 B - a wand of mindburst (13)
 J - a wand of flame (18)
Scrolls
 n - a scroll of enchant weapon {unknown}
 o - 3 scrolls of teleportation {unknown}
 p - a scroll of butterflies {unknown}
 y - 4 scrolls of enchant armour {unknown}
 A - 2 scrolls of torment {unknown}
 H - 2 scrolls of blinking {unknown}
 I - a scroll of fear {unknown}
 L - a scroll of poison
Potions
 d - 6 potions of might
 f - 2 potions of lignification
 g - 5 potions of heal wounds {unknown}
 h - 2 potions of invisibility {unknown}
 i - 3 potions of cancellation
 r - 3 potions of curing {unknown}
 s - 3 potions of attraction {unknown}
 u - 2 potions of magic {unknown}
 w - 2 potions of haste {unknown}
 x - a potion of brilliance {unknown}
 F - a potion of mutation {unknown}


   Skills:
 + Level 7.0 Fighting
 + Level 4.7 Axes
 - Level 5.5 Ranged Weapons
 + Level 5.7 Armour
 + Level 3.0 Dodging
 + Level 1.0 Stealth
 + Level 4.8 Shields
 * Level 4.0 Invocations


You had 7 spell levels left.
You didn't know any spells.
Your spell library contained the following spells:

 Spells                   Type           Power      Damage    Failure   Level
 Sandblast                Erth           0%         2d4       73%         1
 Sting                    Tmut/Pois      0%         1d3       73%         1
 Blink                    Tloc           0%         N/A       86%         2
 Passwall                 Tmut/Erth      0%         N/A       86%         2
 Poisonous Vapours        Pois/Air       0%         N/A       86%         2
 Gell's Gravitas          Tloc           0%         N/A       97%         3
 Stone Arrow              Conj/Erth      0%         3d7       97%         3
 Teleport Other           Tloc           0%         N/A       97%         3
 Olgreb's Toxic Radiance  Pois           0%         N/A       100%        4
 Manifold Assault         Tloc           0%         N/A       100%        5
 Dispersal                Tloc           0%         N/A       100%        6
 Storm Form               Tmut/Air       0%         N/A       100%        7


Dungeon Overview and Level Annotations

Branches:
Dungeon (7/15)             Temple (1/1) D:5          Bailey (1/1)

Altars:
Ashenzari
Cheibriados
Dithmenos
Elyvilon
Fedhas
Gozag
Hepliaklqana
Kikubaaqudgha
Makhleb
Nemelex Xobeh
Okawaru
Qazlal
Ru
Sif Muna
Trog
Uskayaw
Vehumet
Xom
Yredelemnul
Zin

Shops:
D:5 *


Innate Abilities, Weirdness & Mutations

You have a pair of horns on your head.
You reflexively headbutt those who attack you in melee.


Message History

You hit the orc warrior.
The orc warrior is heavily wounded.
You closely miss the orc warrior. The orc warrior barely misses you.
The orc warrior splashes around in the water.
Unknown command.
You hit the orc warrior but do no damage.
You headbutt the orc warrior.
The orc warrior is severely wounded.
You hit the orc but do no damage. You barely miss the orc warrior.
The orc warrior barely misses you. You furiously retaliate!
You headbutt the orc warrior. The orc closely misses you.
You furiously retaliate!
You headbutt the orc!
You kill the orc!
You hear a splash. x2
The orc warrior hits you but does no damage.
You hit the orc warrior but do no damage.
You headbutt the orc warrior.
The orc warrior is lightly wounded.
You hit the orc warrior.
The orc warrior hits you with a +0 war axe! x2
* * * LOW HITPOINT WARNING * * *
You barely miss the orc warrior.
The orc warrior is almost dead.
You barely miss the orc warrior. The orc warrior closely misses you.
The orc warrior splashes around in the water.
Unknown command.
You hit the orc warrior but do no damage.
The orc warrior is almost dead.
You hit the orc warrior.
The orc warrior complains noisily.
You block the orc warrior's attack.
The orc warrior hits you with a +0 war axe.
* * * LOW HITPOINT WARNING * * *
The orc warrior closely misses you.
You closely miss the orc warrior.
The orc warrior is almost dead.
You barely miss the orc warrior.
The orc warrior hits you with a +0 war axe!
You die...
Your body rises from the dead as a mindless zombie.

#......# #.....##♣
#....##.♣ ##'###..♣♣
#)~~~...♣ #.~~~...♣
#.~~~...∩ #o)(~...♣
#~..8.g.8..~#@o~)...♣
#~.........~#'###..♣♣
~"!8.go8?: #...##.♣
.# ~~#####~ ##....##♣
..####...####......##
....................#
8(.........Z..8..8..#
..........(.........#
...................##


You could see 2 orc warriors.

Vanquished Creatures
  A water moccasin (D:5)
  An orc warrior (Bailey)
  A black bear (D:5)
  2 ogres
  A phantom (D:4)
  3 scorpions
  A howler monkey (D:6)
  A hound (D:6)
  A jelly (D:5)
  2 orc priests (D:6)
  4 iguanas
  An orc wizard (D:6)
  4 gnolls (D:4)
  4 adders
  7 river rats (D:5)
  A shadow imp (D:5)
  A white imp (D:5)
  An ufetubus (D:4)
  A worm (D:2)
  2 dart slugs (D:1)
  11 orcs
  6 ball pythons
  8 endoplasms
  2 giant cockroaches
  5 hobgoblins
  3 jackals (D:5)
  10 quokkas
  5 bats
  4 frilled lizards
  5 goblins
  9 kobolds
  16 rats
  2 toadstools (D:1)
126 creatures vanquished.

Vanquished Creatures (collateral kills)
  An ice beast (D:5)
  A centaur (D:5)
  A jelly (D:5)
  An iguana (D:5)
  An orc wizard (D:5)
  2 adders (D:6)
  A river rat (D:5)
  2 orcs
  A kobold (Bailey)
  2 quokkas (D:5)
  A rat (D:5)
14 creatures vanquished.

Vanquished Creatures (others)
  A scorpion zombie (D:5)
  An adder zombie (D:6)
  An iguana zombie (D:5)
  A spectral shadow imp (D:5)
  A spectral white imp (D:5)
  A hobgoblin zombie (Bailey)
  3 kobold zombies (Bailey)
  4 orc zombies
  5 quokka zombies (D:5)
  4 rat zombies (D:5)
  A river rat zombie (D:5)
  2 fungi (D:2)
  A plant (D:2)
  2 toadstools (D:1)
28 creatures vanquished.

Grand Total: 168 creatures vanquished

Notes
Turn   | Place    | Note
-------+----------+-------------------------------------------
     0 | D:1      | Icepheonix32 the Minotaur Fighter began the quest for the
                  | Orb.
     0 | D:1      | Reached XP level 1. HP: 19/19 MP: 0/0
   257 | D:1      | Reached XP level 2. HP: 26/27 MP: 1/1
   537 | D:1      | Reached skill level 1 in Ranged Weapons
   710 | D:2      | Reached XP level 3. HP: 33/33 MP: 2/2
   788 | D:2      | Reached skill level 4 in Fighting
   808 | D:2      | Found a faded altar of an unknown god.
  1311 | D:3      | You fall into a shaft and drop 1 floor!
  1325 | D:4      | Reached XP level 4. HP: 40/40 MP: 3/3
  1361 | D:4      | Reached skill level 1 in Dodging
  1537 | D:4      | Reached XP level 5. HP: 47/47 MP: 4/4
  2244 | D:4      | Identified the +2 ring mail of the Bull {-Cast Fly rF+}
  2495 | D:4      | Noticed a phantom
  2502 | D:4      | Killed a phantom
  2714 | D:5      | Entered Level 5 of the Dungeon
  2726 | D:5      | Found a staircase to the Ecumenical Temple.
  2736 | Temple   | Entered the Ecumenical Temple
  2879 | Temple   | Became a worshipper of Yredelemnul the Dark
  2945 | D:5      | Reached XP level 6. HP: 53/53 MP: 5/5
  2985 | D:5      | Reached skill level 5 in Fighting
  2987 | D:5      | Reached * piety under Yredelemnul
  2987 | D:5      | Reached skill level 5 in Ranged Weapons
  2999 | D:5      | Reached ** piety under Yredelemnul
  3101 | D:5      | Reached XP level 7. HP: 35/61 MP: 6/6
  3339 | D:5      | Reached skill level 1 in Invocations
  3754 | D:5      | Reached skill level 5 in Armour
  3791 | D:5      | Found a shimmering altar of Xom.
  3793 | D:5      | Found a sacrificial altar of Ru.
  3793 | D:5      | Found a shadowy altar of Dithmenos.
  3794 | D:5      | Found a blossoming altar of Fedhas.
  3796 | D:5      | Found a radiant altar of Vehumet.
  3835 | D:5      | Found an opulent altar of Gozag.
  3837 | D:5      | Found Gozag's Platinum Reserve.
  3861 | D:5      | Reached *** piety under Yredelemnul
  4073 | D:5      | Reached XP level 8. HP: 61/70 MP: 7/9
  4580 | D:6      | Reached skill level 6 in Fighting
  4979 | D:6      | Reached skill level 1 in Stealth
  5171 | D:7      | Found a flagged portal.
  5192 | Bailey   | Entered a bailey
  5204 | Bailey   | Noticed an orc warlord
  5245 | Bailey   | Reached skill level 7 in Fighting
  5261 | Bailey   | Slain by an orc warrior

Illustrated notes

Levels and vault maps discovered:
D:1:      ldierk_water_garden, layout_basic, minmay_misc_feat_chi
D:2:      layout_basic, shapermc_ecumenical_altar_mp_urbaneastern,
          minmay_misc_feat_alley
D:3:      layout_basic, kennysheep_generic_room_12
D:4:      layout_basic
D:5:      lemuel_ratsnest, layout_layer_cave, nicolae_gozag_zags_fifth_avenue,
          minitemple, minmay_temple_entry_wispy
D:6:      layout_rooms, dk_vineyard_3
D:7:      layout_basic, nicolae_wu_jian_immortal_techniques, enter_bailey_2,
          gammafunk_ghost_berserking_beasts
Temple:   jpeg_temple_clearing
Bailey:   bailey_axe_bossmonster_kennysheep, bailey

Skill      XL: |  1  2  3  4  5  6  7  8 |
---------------+-------------------------+-----
Shields        | 4 |  4.8
Ranged Weapons | 1 2 3 4 5 |  5.5
Fighting       | 4 5 7 |  7.0
Armour         | 4 5 |  5.7
Dodging        | 1 2 3 |  3.0
Axes           | 3 4 |  4.7
Invocations    | 2 4 |  4.0
Stealth        | 1 |  1.0

Action                   |  1- 3 |  4- 6 |  7- 9 || total
-------------------------+-------+-------+-------++-------
Melee: War axe           |     7 |    41 |     8 ||    56
       Headbutt          |       |    10 |    12 ||    22
       Hand axe          |       |       |    36 ||    36
 Fire: Sling             |    95 |    66 |    93 ||   254
Invok: Dark Bargain      |       |     1 |       ||     1
  Use: Scroll            |     1 |       |     5 ||     6
Armor: Scale mail        |    20 |     8 |       ||    28
       Ring mail         |       |    22 |    40 ||    62
Dodge: Dodged            |    27 |    40 |    30 ||    97
Block: Buckler           |    11 |    24 |    20 ||    55
